Map: Altitude LE

Players

asteve - Winner!

  • Race: Terran Terran
  • League: Silver
  • Spawn Location: 1:00

FDRomanowski

  • Race: Terran Terran
  • League: Silver
  • Spawn Location: 7:00

VOD

Have the link to the VOD?

Description

T v T with window mine drops, nukes, and defense.

Time

  • Played on: March 19, 2023, 7:18 p.m.
  • Length: 14:40
Show
View Real Time Build Order
Export as new Build Order

asteve Terran - Winner!

Build Orders:  

Get SALT Encoding   

  12  0:00  SCV  
  13  0:12  SCV  
  14  0:19  Supply Depot  
  14  0:25  SCV  
  15  0:35  Refinery  
  15  0:40  SCV  
  16  0:46  Barracks  
  16  0:56  SCV  
  17  1:39  Supply Depot  
  17  1:41  Marine  
  18  1:52  Orbital Command  
  18  1:59  Marine  
  19  2:11  Barracks  
  19  2:16  Marine  
  19  2:17  SCV  
  21  2:29  SCV  
  22  2:34  Marine  
  23  2:41  SCV  
  24  2:51  Barracks  
  24  2:52  Marine  
  24  2:53  SCV  
  24  2:58  Factory  
  26  3:00  Barracks Reactor  
  26  3:05  SCV  
  27  3:15  Supply Depot  
  27  3:20  Barracks Tech Lab  
  27  3:29  SCV  
  28  3:40  Combat Shield, Barracks  
  28  3:41  SCV  
  29  3:53  SCV  
  29  3:54  Marine x2  
  29  3:55  Marine x2  
  34  3:59  Factory Tech Lab  
  34  4:05  SCV  
  34  4:06  Starport  
  35  4:10  Supply Depot  
  35  4:17  SCV  
  36  4:25  Barracks Reactor  
  36  4:33  Refinery  
  36  4:34  Supply Depot  
  36  4:45  Command Center  
  36  4:51  Marine  
  37  4:55  Barracks Reactor  
  37  4:58  Engineering Bay  
  37  4:59  Stimpack  
  31  5:26  Missile Turret  
  31  5:33  Siege Tank  
  34  5:49  Marine x5  
  38  5:50  Marine x2  
  41  5:58  Missile Turret, Bunker  
  41  6:16  Missile Turret  
  41  6:21  Marine  
  41  6:22  Marine x3  
  45  6:30  SCV  
  46  6:42  SCV  
  47  6:52  Missile Turret  
  48  7:01  SCV  
  48  7:04  Orbital Command  
  48  7:05  Marine  
  49  7:14  Missile Turret  
  49  7:17  Siege Tank  
  52  7:25  Terran Infantry Weapons Level 1  
  52  7:43  Refinery  
  53  7:44  SCV  
  53  7:47  SCV  
  54  7:54  Medivac  
  54  7:56  SCV  
  57  7:59  SCV  
  58  8:08  Starport, SCV  
  59  8:20  SCV  
  59  8:23  SCV  
  61  8:32  SCV  
  60  8:44  SCV  
  60  8:46  Armory  
  56  8:50  Missile Turret  
  56  8:53  Marine x5  
  56  8:54  Marine x2  
  63  8:56  SCV  
  64  9:10  Marine  
  64  9:11  Marine x5  
  70  9:20  Terran Infantry Armor Level 1, Command Center  
  70  9:43  Missile Turret  
  70  10:13  Terran Vehicle Weapons Level 1  
  70  10:32  Viking, Widow Mine, Medivac  
  76  10:37  Missile Turret  
  76  10:40  Planetary Fortress  
  76  10:53  Widow Mine  
  76  10:54  Marine x4  
  82  11:02  Medivac  
  80  11:13  Terran Infantry Weapons Level 2  
  80  11:15  Widow Mine  
  79  11:33  Missile Turret  
  79  11:34  SCV  
  79  11:36  Widow Mine  
  82  11:46  SCV  
  81  11:58  Widow Mine, SCV  
  84  12:09  Marine  
  85  12:18  Supply Depot  
  85  12:40  Medivac, SCV, Marine x5  
  93  12:48  Supply Depot  
  93  13:05  Supply Depot  
  93  13:09  SCV, Supply Depot, Marine x7  
  101  13:27  SCV, Marine x2  
  103  13:39  SCV  
  99  13:45  Marine x3  
  102  13:51  Supply Depot  
  102  13:52  Supply Depot  
  102  14:12  Marine x7  
  102  14:13  SCV  
  86  14:25  SCV  
Show
View Real Time Build Order
Export as new Build Order

FDRomanowski Terran 

Build Orders:  

Get SALT Encoding   

  12  0:00  SCV  
  13  0:13  Supply Depot  
  13  0:17  SCV  
  14  0:25  Refinery  
  14  0:39  Barracks  
  15  0:42  SCV  
  15  0:54  SCV  
  16  1:05  Barracks  
  16  1:10  SCV  
  17  1:22  SCV  
  18  1:27  Refinery  
  18  1:52  Barracks  
  18  1:56  Barracks Tech Lab  
  18  2:00  Barracks Reactor  
  17  2:04  Factory  
  17  2:17  Orbital Command  
  17  2:41  Supply Depot  
  17  2:42  Barracks Reactor  
  17  2:44  Stimpack  
  17  2:51  SCV  
  18  3:03  Starport  
  18  3:08  Factory Reactor  
  18  3:11  SCV  
  19  3:23  SCV  
  20  3:33  Marine x2  
  22  3:35  SCV  
  23  3:41  Medivac  
  23  3:45  Widow Mine  
  23  3:47  SCV  
  23  3:48  Widow Mine  
  30  3:55  Supply Depot  
  30  4:03  SCV  
  31  4:19  Widow Mine  
  31  4:20  Widow Mine  
  31  4:22  Starport Reactor  
  35  4:24  Marine x2  
  35  4:28  Combat Shield  
  37  5:10  Marine x2  
  37  5:13  Command Center  
  39  5:20  Supply Depot  
  38  5:21  SCV  
  38  5:22  Medivac  
  38  5:35  Marine  
  38  5:41  Medivac, Marine x4  
  45  5:42  Supply Depot  
  45  5:43  SCV  
  46  5:53  Marine  
  47  6:04  Marine  
  47  6:06  Supply Depot  
  47  6:10  Marine x3  
  51  6:16  Marine  
  52  6:29  Supply Depot, Orbital Command  
  52  6:32  SCV  
  53  6:38  Marine x3  
  56  6:53  Widow Mine x2  
  60  7:01  Medivac x2  
  60  7:02  Marine x2  
  60  7:03  Marine  
  60  7:08  SCV  
  68  7:20  SCV  
  69  7:25  Widow Mine  
  69  7:26  Widow Mine  
  69  7:29  Marine x3  
  76  7:32  SCV  
  77  7:37  Viking, Ghost Academy  
  79  7:44  SCV  
  80  7:55  Marine x3  
  80  7:56  SCV, Marine x2  
  86  8:08  Supply Depot  
  86  8:29  Marine x3  
  86  8:30  Widow Mine x2  
  86  8:31  Supply Depot  
  89  8:46  Marine x2  
  89  8:47  Marine x2  
  89  8:58  SCV  
  89  9:01  Barracks  
  90  9:03  Ghost  
  92  9:10  SCV  
  92  9:16  SCV  
  94  9:22  Marine x2  
  94  9:23  Marine x2  
  98  9:28  Supply Depot  
  98  9:30  Nuke  
  98  9:32  Ghost  
  98  9:35  Engineering Bay  
  100  9:40  Engineering Bay, Marine x2  
  102  9:49  Marine x2  
  102  9:51  Supply Depot  
  104  9:58  Barracks Tech Lab, Marine x2  
  106  10:00  Ghost  
  106  10:04  Starport  
  106  10:07  Marine x2  
  108  10:13  Supply Depot  
  110  10:16  Marine  
  110  10:18  Command Center  
  111  10:29  Ghost  
  113  10:36  Ghost, Supply Depot  
  113  10:37  Marine  
  113  10:38  Marine x3  
  119  10:55  Marine x2  
  119  10:56  Marine x2  
  123  10:58  Ghost  
  123  11:05  Marine  
  124  11:13  Marine x2  
  124  11:32  Ghost x2  
  124  11:33  Marine x4  
  124  11:38  Starport Tech Lab  
  132  11:40  Terran Infantry Weapons Level 1  
  132  11:42  Terran Infantry Armor Level 1  
  132  11:45  Planetary Fortress  
  132  11:51  Marine x4  
  134  12:05  SCV  
  135  12:15  Refinery  
  135  12:17  SCV, Marine x4  
  135  12:18  Refinery, Marine  
  141  12:25  Ghost  
  143  12:35  Ghost, Marine x4  
  149  12:43  Nuke  
  149  13:00  Ghost, SCV, Marine  
  149  13:01  Raven  
  155  13:12  SCV  
  156  13:13  Marine x2  
  156  13:14  Refinery, Marine x2  
  156  13:18  Marine  
  153  13:28  Marine  
  153  13:31  Marine x2  
  137  13:35  Raven  
  138  13:48  Medivac  
  138  13:49  Medivac  
  142  13:57  SCV  
  143  14:09  SCV  
  144  14:11  Marine x2  
  144  14:12  Marine  
  144  14:13  Marine  
  144  14:21  SCV  
Tags
 
Composition
Ghosts
Matchup
TvT
Race
Terran
Spawn Locations
Cross Positions
Add a new tag
Caveats
  • Supply blocks, unpowered buildings, or Contaminate may cause inaccurate times.
  • Supply counts are checked every 10 seconds.